 Dungeon Crawl Stone Soup version 0.23.1 (webtiles) character file.

Game seed: 0

180939 Xobox the Eclecticist (level 17, -8/97 HPs)
             Began as a Deep Elf Fire Elementalist on Mar 3, 2019.
             Was a High Priest of Vehumet.
             Mangled by a blizzard demon (18 damage)
             ... on level 12 of the Dungeon on Mar 4, 2019.
             The game lasted 03:46:01 (45563 turns).

Xobox the Eclecticist (Deep Elf Fire Elementalist) Turns: 45563, Time: 03:46:03

Health: -8/97      AC: 14    Str: 10    XL:     17   Next: 32%
Magic:  3/39       EV: 11    Int: 25    God:    Vehumet [*****.]
Gold:   648        SH: 12    Dex: 15    Spells: 5/48 levels left

rFire    . . .     SeeInvis +   a - +9 trident (pierce)
rCold    + . .     Gourm    +   i - +2 shield {reflect}
rNeg     + . .     Faith    .   T - +1 robe of Classification {rPois MR+}
rPois    +         Spirit   .   n - +2 helmet
rElec    +         Reflect  +   V - +2 cloak "Muyj" {rN+}
rCorr    .         Harm     .   z - +2 pair of gloves
MR       ++...                  (no boots)
Stlth    +++++.....             y - amulet "Kadi" {Gourm Fragile rElec rC+ Int+2}
HPRegen  0.26/turn              U - ring of wizardry
MPRegen  0.26/turn              I - ring of see invisible

@: about to teleport, hasted, studying Stealth, very quick
A: no striking features
}: 1/15 runes: gossamer
a: Renounce Religion


You were on level 12 of the Dungeon.
You worshipped Vehumet.
Vehumet was extremely pleased with you.
You were hungry.

You visited 6 branches of the dungeon, and saw 29 of its levels.
You also visited: Gauntlet, Ice Cave and Volcano.

You collected 2882 gold pieces.
You spent 2234 gold pieces at shops.

Inventory:

Hand Weapons
 a - a +9 trident of piercing (weapon)
 K - a +0 demon whip
Missiles
 L - 2 throwing nets (quivered)
Armour
 i - a +2 shield of reflection (worn)
 n - a +2 helmet (worn)
 z - a +2 pair of gloves (worn)
 B - the cursed +0 helmet of Qaehupsu {rElec rCorr Int-4 Stlth+}
   (You found it in a Gauntlet)

   It affects your intelligence (-4).
   It insulates you from electricity.
   It provides partial protection from all sources of acid and corrosion.
   It makes you more stealthy.
   It has a curse placed upon it.
 T - the +1 robe of Classification (worn) {rPois MR+}
   (You found it on level 6 of the Lair of Beasts)

   It protects you from poison.
   It affects your resistance to hostile enchantments.
 V - the +2 cloak "Muyj" (worn) {rN+}
   (You found it in a Gauntlet)

   It protects you from negative energy.
Magical Staves
 b - an uncursed staff of conjuration
 Z - an uncursed staff of power
Jewellery
 g - a +3 ring of evasion
 m - an uncursed ring of protection from fire
 r - an uncursed ring of magical power
 t - an uncursed ring of protection from magic
 y - the amulet "Kadi" (around neck) {Gourm Fragile rElec rC+ Int+2}
   (You found it on level 6 of the Dungeon)

   [amulet of the gourmand]

   It allows you to eat raw meat even when not hungry.
   It affects your intelligence (+2).
   It protects you from cold.
   It insulates you from electricity.
   It will be destroyed if unequipped.
 I - a ring of see invisible (right hand)
 O - an uncursed ring of flight
 S - an uncursed ring of protection from cold
 U - a ring of wizardry (left hand)
Wands
 d - a wand of disintegration (22)
 A - a wand of paralysis (16)
 E - a wand of clouds (2)
 J - a wand of iceblast (8)
Scrolls
 j - 2 scrolls of magic mapping
 l - 5 scrolls of fog
 o - 2 scrolls of teleportation
 p - 4 scrolls of immolation
 w - 8 scrolls of remove curse
 D - 2 scrolls of brand weapon
 N - 4 scrolls of summoning
Potions
 e - 9 potions of might
 h - 5 potions of brilliance
 k - 2 potions of lignification
 q - a potion of resistance
 s - 4 potions of magic
 u - 5 potions of haste
 v - a potion of mutation
 x - 5 potions of ambrosia
 C - a potion of agility
 G - 5 potions of curing
 H - 4 potions of flight
 P - a potion of invisibility
 R - 2 potions of berserk rage
Books
 W - a manual of Stealth
Miscellaneous
 f - a lightning rod (4/4)
 X - 2 sacks of spiders
Comestibles
 c - 46 rations


   Skills:
 * Level 8.0 Fighting
 - Level 4.1 Polearms
 - Level 11.5 Armour
 - Level 2.4 Dodging
 - Level 10.9 Stealth
 * Level 7.8 Shields
 + Level 16.0 Spellcasting
 - Level 15.4 Conjurations
 - Level 6.0 Necromancy
 - Level 4.4 Translocations
 - Level 6.3 Transmutations
 - Level 11.6 Fire Magic
   Level 2.4 Ice Magic
 - Level 1.4 Air Magic
 - Level 8.8 Earth Magic


You had 5 spell levels left.
You knew the following spells:

 Your Spells              Type           Power        Failure   Level  Hunger
a - Borgnjor's Vile Clut  Necr/Erth      ######....   3%          5    None
b - Conjure Flame         Conj/Fire      ######..     1%          3    None
c - Sticky Flame          Conj/Fire      ######..     1%          4    None
d - Fireball              Conj/Fire      ######....   1%          5    None
e - Magic Dart            Conj           ####         0%          1    None
f - Blink                 Tloc           N/A          1%          2    None
g - Bolt of Magma         Conj/Fire/Erth ######....   1%          5    None
h - Orb of Destruction    Conj           #######...   1%          7    #####..
i - Statue Form           Tmut/Erth      ######...    17%         6    ####...
j - Lightning Bolt        Conj/Air       ######....   1%          5    None

Your spell library contained the following spells:

 Spells                   Type           Power        Failure   Level  Hunger
 Bolt of Cold             Conj/Ice       ######....   3%          6    ####...
 Beastly Appendage        Tmut           ######       1%          1    None
 Flame Tongue             Conj/Fire      #####        1%          1    None
 Freeze                   Ice            ####         1%          1    None
 Shroud of Golubria       Chrm/Tloc      ####......   1%          2    None
 Sticks to Snakes         Tmut           ######..     1%          2    None
 Throw Flame              Conj/Fire      ######       1%          2    None
 Throw Frost              Conj/Ice       ######       1%          2    None
 Dazzling Spray           Conj/Hex       ######       1%          3    None
 Inner Flame              Hex/Fire       #####...     1%          3    None
 Mephitic Cloud           Conj/Pois/Air  #####...     1%          3    None
 Fulminant Prism          Conj/Hex       ######....   1%          4    None
 Throw Icicle             Conj/Ice       ######..     1%          4    None
 Corona                   Hex            ###....      2%          1    None
 Infusion                 Chrm           ###.         2%          1    None
 Summon Butterflies       Summ           ###.....     2%          1    None
 Summon Small Mammal      Summ           ###.         2%          1    None
 Regeneration             Chrm/Necr      #####.....   2%          3    None
 Spider Form              Tmut/Pois      #####.....   2%          3    None
 Animate Dead             Necr           N/A          2%          4    None
 Portal Projectile        Hex/Tloc       ####..       3%          3    None
 Recall                   Summ/Tloc      N/A          3%          3    None
 Call Imp                 Summ           ###.....     4%          2    None
 Slow                     Hex            ###.....     4%          2    None
 Song of Slaying          Chrm           ###.....     4%          2    None
 Ozocubu's Armour         Chrm/Ice       ####....     4%          3    None
 Ice Form                 Ice/Tmut       #####...     4%          4    None
 Leda's Liquefaction      Hex/Erth       #####.....   4%          4    None
 Blade Hands              Tmut           ######....   6%          5    None
 Yara's Violent Unravell  Hex/Tmut       #####.....   6%          5    None
 Call Canine Familiar     Summ           ###.....     9%          3    None
 Spectral Weapon          Hex/Chrm       ###.....     9%          3    None
 Summon Guardian Golem    Hex/Summ       ###.....     9%          3    None
 Summon Ice Beast         Ice/Summ       ####....     16%         4    None
 Summon Lightning Spire   Summ/Air       ###.....     19%         4    None
 Cause Fear               Hex            ###.......   26%         4    None
 Silence                  Hex/Air        ###.......   45%         5    None
 Summon Mana Viper        Hex/Summ       ###.....     56%         5    None
 Iron Shot                Conj/Erth      ######....   1%          6    ####...
 Conjure Ball Lightning   Conj/Air       ######....   4%          6    ####...
 Death Channel            Necr           ######....   32%         6    ####...
 Ozocubu's Refrigeration  Ice            ####......   34%         6    ####...
 Simulacrum               Ice/Necr       #####.....   54%         6    ####...
 Deflect Missiles         Chrm/Air       ###.......   95%         6    ####...
 Summon Hydra             Summ           ###.......   100%        7    #####..
 Shatter                  Erth           ######....   100%        9    #######
 Tornado                  Air            ####......   100%        9    #######


Dungeon Overview and Level Annotations

Branches:
Dungeon (15/15)            Temple (1/1) D:5            Lair (6/6) D:8
  Swamp (0/4) Lair:4       Spider (4/4) Lair:2        Slime (0/5) Lair:6
    Orc (2/2) D:11            Elf (0/3) Orc:2        Vaults (1/5) D:14
 Depths (0/5) D:15

Altars:
Ashenzari
Cheibriados
Dithmenos
Elyvilon
Fedhas
Gozag
Hepliaklqana
Kikubaaqudgha
Makhleb
Nemelex Xobeh
Okawaru
Qazlal
Ru
Sif Muna
Trog
Uskayaw
Vehumet
Wu Jian
Xom
Yredelemnul
Zin
The Shining One
Jiyva

Shops:
D:5 *   D:7 *   D:9 :   D:10 :   Orc:1 (%(:=   Orc:2 =%[=:

Annotations:
D:2 exclusion: downstairs
D:3 1 runed translucent door, HEYYEYAAE's ghost, amateur OpHu
D:4 exclusion: 2 downstairs
D:12 1 runed translucent door, exclusion: downstairs
D:13 exclusion: downstairs, Lanoc's ghost, journeyman FoCK
Lair:4 exclusion: downstairs
Lair:5 exclusion: downstairs
Spider:1 exclusion: downstairs
Spider:2 exclusion: downstairs
Spider:3 exclusion: 2 downstairs
Spider:4 Bai Suzhen


Message History

You block the blizzard demon's attack. The blizzard demon barely misses you.
The blizzard demon hits you! x2
Unknown command.
You hit the blizzard demon.
The blizzard demon is almost dead.
The blizzard demon waves its arms in wide circles.
The air twists around and strikes you!
* * * LOW HITPOINT WARNING * * *
Unknown command.
You feel yourself speed up. The blizzard demon gestures at you.
The bolt of lightning hits you. You resist.
* * * LOW HITPOINT WARNING * * *
You feel better.
Okay, then.
As you read the scroll of teleportation, it crumbles to dust.
You feel strangely unstable. The blizzard demon hits you.
* * * LOW HITPOINT WARNING * * *
The blizzard demon hits you!!
You die...

.##.ZW......#..# ##.[[)##.##
..##4Z.....##.## ##.)..#.# ###
...###W''###..# ##)))..###..
.....k4......## #..........
#...########.# ##.........
###...### #○.# ###..#.......
.###....###☼## ##..##........
..#..........#######..###........
(.....#######..2@...#####........
......## ######.## #.........
.......## #.## #.........
........### #..# #.........
..........## #..# ##........
...........## #..# #........
............# ##.# ##.......
............## #.# ##......
.....÷......(## #.## ##....#


You could see a blizzard demon.

Vanquished Creatures
  Nikola (Spider:2)
  Arachne (Spider:2)
  Jorgrun (D:14)
  Asterion (Spider:1)
  Frances (D:13)
  Donald (Spider:2)
  Kirke (D:12)
  A frost giant (IceCv)
  Aizul (Spider:3)
  3 ghost moths
  6 emperor scorpions
  A balrug (Gauntlet)
  3 entropy weavers
  The ghost of BrandedWarrior the Slicer, a journeyman GrGl of Ashenzari (Lair:5)
  Azrael (D:14)
  A minotaur (Gauntlet)
  The ghost of gruber the Fighter, a journeyman GnWn of Gozag (D:12)
  A catoblepas (D:14)
  8 vault guards (D:14)
  7 hydras
  2 centaur warriors
  2 two-headed ogres
  A queen ant (Spider:4)
  A ghost crab (Gauntlet)
  A tengu warrior (D:13)
  An ogre mage (Vaults:1)
  3 death yaks
  Sonja (Orc:2)
  3 unseen horrors
  2 skeletal warriors (D:15)
  2 lindwurms (Volcano)
  A wolf spider zombie (D:15)
  2 orc knights (Orc:2)
  A phantasmal warrior (D:15)
  3 cyclopes
  A necromancer (D:15)
  2 orc sorcerers
  4 manticores
  5 oklob plants
  16 ugly things
  11 orb spiders
  Maurice (D:9)
  26 wolf spiders
  A moth of wrath (Spider:4)
  An ice statue (IceCv)
  6 elephants (Lair:6)
  2 molten gargoyles (Volcano)
  4 black mambas
  2 torpor snails
  2 yaktaur zombies (D:15)
  4 komodo dragons
  A gargoyle (D:14)
  18 spiny frogs
  2 rime drakes
  9 demonic crawlers
  3 freezing wraiths (D:14)
  2 efreet (Volcano)
  3 trolls
  6 hornets
  A tengu conjurer (D:13)
  19 polar bears
  7 hippogriffs
  16 jumping spiders
  5 tyrant leeches (Lair:6)
  A blink frog (shapeshifter) (D:15)
  A spriggan zombie (D:15)
  A raiju (shapeshifter) (Vaults:1)
  17 blink frogs (Lair:6)
  60 redbacks
  2 centaur simulacra (D:12)
  Sigmund (D:3)
  A spriggan (D:7)
  29 tarantellas
  2 wyverns
  A shadow (D:15)
  68 yaks
  A basilisk (Lair:3)
  2 wraiths
  3 fire elementals (Volcano)
  3 hogs (D:12)
  An ice dragon skeleton (D:15)
  Grum (D:9)
  20 vampire mosquitoes
  4 hungry ghosts
  A harpy simulacrum (D:14)
  An acid dragon (D:11)
  A warg (Orc:2)
  3 porcupines
  25 soldier ants
  7 hell hounds
  12 water moccasins
  2 sky beasts
  38 orc warriors
  A black bear (D:7)
  3 ice beasts
  An eye of draining (D:8)
  16 ogres
  3 phantoms
  2 boggarts (Vaults:1)
  A necrophage (D:11)
  26 wolves
  20 centaurs
  11 crocodiles
  A big kobold (D:9)
  32 bullfrogs
  A gnoll sergeant (D:10)
  2 earth elementals (Volcano)
  8 scorpions
  3 wights (D:11)
  2 vampire bats (Lair:6)
  2 electric eels
  6 crimson imps
  A wyvern simulacrum (D:12)
  4 centaur zombies
  6 jellies
  A quasit (D:9)
  5 hounds
  14 orc priests
  5 bullfrog skeletons
  Jessica (D:6)
  4 centaur skeletons
  32 worker ants
  5 iguanas
  27 orc wizards
  A killer bee zombie (D:6)
  3 hound skeletons
  A worker ant zombie (D:7)
  6 gnolls
  2 howler monkey skeletons
  17 adders
  A shadow imp (D:6)
  2 oozes
  An adder zombie (D:6)
  3 adder skeletons
  A worm (D:2)
  3 dart slugs
  7 leopard geckos
  99 orcs
  A ball python (D:1)
  11 bats
  7 giant cockroaches
  2 gnoll zombies (D:7)
  12 goblins
  6 hobgoblins
  9 jackals
  11 kobolds
  8 quokkas
  A ball python skeleton (D:5)
  2 frilled lizards
  A jackal skeleton (D:9)
  A leopard gecko skeleton (D:4)
  8 rats
  A bush (Lair:6)
  A butterfly (D:5)
  2 fungi (Lair:3)
  15 plants
  6 withered plants (D:15)
1055 creatures vanquished.

Vanquished Creatures (collateral kills)
  A toenail golem (Volcano)
  An efreet (Volcano)
  An earth elemental (Volcano)
3 creatures vanquished.

Vanquished Creatures (others)
  A demonic crawler (Spider:2)
  A yak (IceCv)
  A wolf (IceCv)
  An orc wizard (Orc:2)
  2 fire vortices (Volcano)
  21 fungi
  70 plants
  5 withered plants
102 creatures vanquished.

Grand Total: 1160 creatures vanquished

Notes
Turn   | Place    | Note
-------+----------+-------------------------------------------
     0 | D:1      | Xobox the Deep Elf Fire Elementalist began the quest for
                  | the Orb.
     0 | D:1      | Reached XP level 1. HP: 10/10 MP: 6/6
    97 | D:1      | Reached XP level 2. HP: 15/15 MP: 0/8
   606 | D:1      | Reached XP level 3. HP: 19/19 MP: 8/10
   637 | D:1      | Learned a level 3 spell: Conjure Flame
  1035 | D:2      | Reached XP level 4. HP: 16/24 MP: 2/11
  1411 | D:2      | Reached skill level 4 in Spellcasting
  1743 | D:3      | Found a runed translucent door.
  1743 | D:3      | Noticed HEYYEYAAE's ghost (amateur OpHu)
  2016 | D:3      | Noticed Sigmund
  2241 | D:3      | Killed Sigmund
  2241 | D:3      | Reached skill level 5 in Spellcasting
  2241 | D:3      | Reached skill level 5 in Fire Magic
  2241 | D:3      | Reached XP level 5. HP: 23/28 MP: 3/14
  2241 | D:3      | Reached XP level 6. HP: 27/32 MP: 3/15
  2612 | D:4      | Learned a level 4 spell: Sticky Flame
  2779 | D:4      | Reached skill level 5 in Conjurations
  3086 | D:4      | Reached skill level 6 in Spellcasting
  3086 | D:4      | Reached XP level 7. HP: 36/36 MP: 10/18
  3098 | D:4      | Found a shimmering altar of Xom.
  3199 | D:4      | Found a glowing golden altar of the Shining One.
  3502 | D:4      | Found a shattered altar of Ashenzari.
  3507 | D:4      | Found an ancient bone altar of Kikubaaqudgha.
  3867 | D:5      | Entered Level 5 of the Dungeon
  4091 | D:4      | Learned a level 5 spell: Fireball
  4144 | D:5      | Found a staircase to the Ecumenical Temple.
  4149 | Temple   | Entered the Ecumenical Temple
  4294 | Temple   | Became a worshipper of Vehumet
  4358 | D:5      | Reached skill level 7 in Spellcasting
  4556 | D:5      | Reached XP level 8. HP: 40/41 MP: 13/20
  4578 | D:5      | Reached skill level 1 in Armour
  4591 | D:5      | Found Rurubu's Assorted Antiques.
  5418 | D:6      | Reached * piety under Vehumet
  5418 | D:6      | Offered knowledge of Magic Dart by Vehumet.
  5449 | D:6      | Learned a level 1 spell: Magic Dart
  5826 | D:6      | Got a brightly glowing ruby amulet
  5827 | D:6      | Identified the amulet "Kadi" {Gourm Fragile rElec rC+
                  | Int+2} (You found it on level 6 of the Dungeon)
  5856 | D:6      | Reached skill level 8 in Spellcasting
  5931 | D:6      | Found a sparkling altar of Nemelex Xobeh.
  6271 | D:6      | Reached XP level 9. HP: 21/46 MP: 7/23
  6783 | D:6      | Noticed Jessica
  6792 | D:6      | Killed Jessica
  6796 | D:6      | Found a deep blue altar of Sif Muna.
  6867 | D:7      | Found a blossoming altar of Fedhas.
  7446 | D:7      | Offered knowledge of Searing Ray by Vehumet.
  7453 | D:7      | Reached ** piety under Vehumet
  7453 | D:7      | Reached skill level 9 in Spellcasting
  7884 | D:7      | Found Naurekypp's Assorted Antiques.
  7889 | D:7      | Bought a scroll labeled ICYCWE ZAHEZ for 31 gold pieces
  8014 | D:7      | Found a basalt altar of Yredelemnul.
  8239 | D:8      | Found a staircase to the Lair.
  8543 | D:8      | Found a bloodstained altar of Trog.
  8664 | D:8      | Reached skill level 10 in Conjurations
  8872 | D:8      | Got a dull robe
  8883 | D:8      | Identified the cursed +1 robe "Lisob" {Str+3} (You found it
                  | on level 8 of the Dungeon)
  9114 | D:9      | Reached skill level 1 in Fighting
  9328 | D:9      | Found Hohalan's Book Boutique.
  9336 | D:9      | Bought a book of Minor Magic for 220 gold pieces
  9339 | D:9      | Learned a level 2 spell: Blink
  9410 | D:9      | Reached XP level 10. HP: 49/52 MP: 18/25
  9569 | D:9      | Noticed Maurice
  9574 | D:9      | Killed Maurice
  9574 | D:9      | Reached skill level 10 in Spellcasting
  9801 | D:9      | Noticed a four-headed hydra
  9807 | D:9      | Killed a four-headed hydra
 10228 | D:9      | Noticed Grum
 10232 | D:9      | Killed Grum
 10264 | D:9      | Offered knowledge of Dazzling Spray by Vehumet.
 10827 | D:9      | Noticed a manticore
 10828 | D:9      | Reached skill level 1 in Translocations
 10829 | D:9      | Reached *** piety under Vehumet
 10959 | D:9      | Killed a manticore
 10970 | D:9      | Noticed a manticore
 10973 | D:9      | Killed a manticore
 11141 | D:9      | Reached skill level 11 in Spellcasting
 11264 | D:10     | Entered Level 10 of the Dungeon
 11308 | D:10     | Offered knowledge of Airstrike by Vehumet.
 11308 | D:10     | Reached XP level 11. HP: 57/57 MP: 28/28
 11639 | D:10     | Found Dajeryn's Book Emporium.
 12045 | D:10     | Reached **** piety under Vehumet
 12365 | D:11     | Offered knowledge of Bolt of Magma by Vehumet.
 12504 | D:11     | Found a staircase to the Orcish Mines.
 12565 | D:11     | Reached skill level 5 in Armour
 12879 | D:11     | Found a burning altar of Makhleb.
 13089 | D:11     | Noticed a two-headed ogre
 13101 | D:11     | Killed a two-headed ogre
 13121 | D:11     | Noticed a cyan ugly thing
 13126 | D:11     | Killed a cyan ugly thing
 13136 | D:10     | Reached skill level 12 in Spellcasting
 13401 | D:11     | Learned a level 5 spell: Bolt of Magma
 13626 | D:12     | Reached skill level 1 in Earth Magic
 13626 | D:12     | Reached XP level 12. HP: 50/65 MP: 9/30
 13718 | D:12     | Found a runed translucent door.
 13719 | D:12     | Noticed a sphinx
 13719 | D:12     | Noticed a yaktaur captain
 13721 | D:12     | Noticed a deep troll earth mage
 13790 | D:12     | Reached ***** piety under Vehumet
 13908 | D:12     | Offered knowledge of Bolt of Fire by Vehumet.
 13914 | D:12     | Noticed an eight-headed hydra
 13921 | D:12     | Killed an eight-headed hydra
 14052 | D:12     | Noticed gruber's ghost (journeyman GnWn)
 14066 | D:12     | Reached skill level 10 in Fire Magic
 14070 | D:12     | Noticed a blizzard demon
 14126 | D:12     | Found a runed translucent gate.
 14126 | D:12     | Found a runed translucent gate.
 14126 | D:12     | Found a runed translucent gate.
 14197 | D:12     | Noticed Kirke
 14245 | D:12     | Killed Kirke
 15186 | D:13     | Noticed a five-headed hydra
 15193 | D:13     | Killed a five-headed hydra
 15751 | D:13     | Noticed a tengu warrior
 15754 | D:13     | Killed a tengu warrior
 15754 | D:13     | Reached skill level 13 in Spellcasting
 15754 | D:13     | Noticed Frances
 15898 | D:13     | Noticed Lanoc's ghost (journeyman FoCK)
 15902 | D:13     | Found a runed translucent door.
 15959 | D:13     | Killed Frances
 16496 | D:14     | Found a gate to the Vaults.
 16496 | D:14     | Noticed a vault guard
 16496 | D:14     | Noticed a vault guard
 16496 | D:14     | Noticed a vault guard
 16496 | D:14     | Noticed a vault guard
 16496 | D:14     | Noticed a vault guard
 16496 | D:14     | Noticed a vault guard
 16498 | D:14     | Noticed a vault guard
 16499 | D:14     | Noticed a vault guard
 16501 | D:14     | Killed a vault guard
 16502 | D:14     | Killed a vault guard
 16502 | D:14     | Reached XP level 13. HP: 71/71 MP: 9/32
 16512 | D:14     | Reached skill level 5 in Fighting
 16870 | D:14     | Noticed Jorgrun
 16886 | D:14     | Killed Jorgrun
 16886 | D:14     | Reached skill level 5 in Earth Magic
 17014 | D:14     | Reached skill level 1 in Shields
 17142 | D:14     | Offered knowledge of Orb of Destruction by Vehumet.
 17153 | D:14     | Noticed Azrael
 17224 | D:14     | Learned a level 7 spell: Orb of Destruction
 17551 | D:14     | Reached skill level 14 in Spellcasting
 18072 | D:14     | Killed Azrael
 18072 | D:14     | Reached skill level 15 in Conjurations
 18377 | D:15     | Entered Level 15 of the Dungeon
 19056 | D:15     | Found a staircase to the Depths.
 19059 | D:15     | Reached XP level 14. HP: 65/78 MP: 11/34
 20538 | Lair:1   | Entered Level 1 of the Lair of Beasts
 20576 | Lair:1   | Offered knowledge of Lightning Bolt by Vehumet.
 20605 | Lair:1   | Learned a level 6 spell: Statue Form
 20701 | Lair:1   | Found a sparkling altar of Nemelex Xobeh.
 21450 | Lair:2   | Reached skill level 1 in Transmutations
 21600 | Lair:2   | Learned a level 5 spell: Lightning Bolt
 21605 | Lair:2   | Found a dark tunnel.
 21610 | Volcano  | Entered a volcano
 21875 | Volcano  | Reached skill level 1 in Air Magic
 22163 | Volcano  | Got a steaming spear
 22178 | Volcano  | Identified the +0 spear "Raubioppai" {venom, Int+2} (You
                  | found it in a volcano)
 22530 | Lair:2   | Found a hole to the Spider Nest.
 22627 | Lair:2   | Reached skill level 15 in Spellcasting
 23262 | Lair:3   | Found a frozen archway.
 23270 | Lair:3   | Learned a level 4 spell: Ice Form
 23271 | IceCv    | Entered an ice cave
 23317 | IceCv    | Reached skill level 1 in Ice Magic
 23755 | IceCv    | Reached skill level 1 in Polearms
 24104 | IceCv    | Noticed a frost giant
 24123 | IceCv    | Killed a frost giant
 24286 | IceCv    | Identified the Grimoire of the Frostbite
 25078 | Lair:3   | Reached skill level 5 in Transmutations
 25132 | Lair:3   | Identified Mosuowon's Grimoire of Cold and Hexes
 25541 | Lair:4   | Found a staircase to the Swamp.
 25574 | Lair:4   | Reached XP level 15. HP: 85/85 MP: 36/36
 26753 | Lair:5   | Found a runed translucent door.
 26753 | Lair:5   | Noticed BrandedWarrior's ghost (journeyman GrGl)
 27149 | Lair:5   | Killed BrandedWarrior's ghost
 27404 | Lair:5   | Offered knowledge of Lee's Rapid Deconstruction by Vehumet.
 27630 | Lair:6   | Entered Level 6 of the Lair of Beasts
 27669 | Lair:6   | Got a thick robe
 28006 | Lair:6   | Found a staircase to the Slime Pits.
 28006 | Lair:6   | Found a viscous altar of Jiyva.
 28928 | Lair:6   | Offered knowledge of Freezing Cloud by Vehumet.
 28945 | Lair:6   | Reached skill level 10 in Armour
 29723 | Lair:6   | Identified the +1 robe of Classification {rPois MR+} (You
                  | found it on level 6 of the Lair of Beasts)
 29977 | Orc:1    | Entered Level 1 of the Orcish Mines
 29977 | Orc:1    | Found Hachiuw's Weapon Boutique.
 30700 | Orc:1    | Found Zeich's Book Boutique.
 30705 | Orc:1    | Found Gitaept's Jewellery Boutique.
 30770 | Orc:2    | Entered Level 2 of the Orcish Mines
 30784 | Orc:2    | Found Takeitto's Jewellery Shoppe.
 30789 | Orc:2    | Bought an uncursed ring of wizardry for 450 gold pieces
 30820 | Orc:2    | Found a staircase to the Elven Halls.
 30834 | Orc:2    | Noticed Sonja
 30837 | Orc:2    | Killed Sonja
 30884 | Orc:2    | Found a gate leading to a gauntlet.
 30890 | Gauntlet | Entered a Gauntlet
 30890 | Gauntlet | Found a transporter.
 30890 | Gauntlet | Found a transporter.
 31065 | Gauntlet | Found a transporter.
 31068 | Gauntlet | Found a transporter.
 31069 | Gauntlet | Found a transporter.
 31070 | Gauntlet | Found a transporter.
 31072 | Gauntlet | Found a large runed translucent door.
 31073 | Gauntlet | Found a large runed translucent door.
 31074 | Gauntlet | Found a large runed translucent door.
 31074 | Gauntlet | Found a large runed translucent door.
 31074 | Gauntlet | Found a runed translucent door.
 31075 | Gauntlet | Found a large runed translucent door.
 31082 | Gauntlet | Found a runed translucent door.
 31083 | Gauntlet | Found a large runed translucent door.
 31083 | Gauntlet | Found a large runed translucent door.
 31083 | Gauntlet | Found a large runed translucent door.
 31084 | Gauntlet | Found a large runed translucent door.
 31084 | Gauntlet | Found a large runed translucent door.
 31084 | Gauntlet | Found a large runed translucent door.
 31085 | Gauntlet | Found a large runed translucent door.
 31125 | Gauntlet | Found a large runed translucent door.
 31125 | Gauntlet | Found a large runed translucent door.
 31126 | Gauntlet | Found a runed translucent gate.
 31126 | Gauntlet | Found a runed translucent gate.
 31128 | Gauntlet | Found a transporter.
 31132 | Gauntlet | Found a transporter.
 31135 | Gauntlet | Found a runed translucent gate.
 31138 | Gauntlet | Found a large runed translucent door.
 31139 | Gauntlet | Found a large runed translucent door.
 31147 | Gauntlet | Found a transporter.
 31173 | Gauntlet | Found a transporter.
 31175 | Gauntlet | Found a transporter.
 31181 | Gauntlet | Found a transporter.
 31369 | Gauntlet | Got a smoking helmet
 31370 | Gauntlet | Identified the cursed +0 helmet of Qaehupsu {rElec rCorr
                  | Int-4 Stlth+} (You found it in a Gauntlet)
 31466 | Gauntlet | Got a crude cloak
 31477 | Gauntlet | Identified the +2 cloak "Muyj" {rN+} (You found it in a
                  | Gauntlet)
 31605 | Gauntlet | Got a steaming dagger
 31739 | Orc:1    | Found Qedgh's Food Shop.
 31761 | Orc:1    | Found Gunenoat's Weapon Shop.
 32681 | Orc:2    | Offered knowledge of Poison Arrow by Vehumet.
 33603 | Orc:2    | Found Nuthraud's Antique Armour Boutique.
 33603 | Orc:2    | Found Heoxitisch's Jewellery Emporium.
 33605 | Orc:2    | Found Amiudwam's Book Shoppe.
 33607 | Orc:2    | Found Optughir's Food Shop.
 33614 | Orc:2    | Bought a book of Unlife for 845 gold pieces
 33619 | Orc:2    | Bought a glowing cloak for 247 gold pieces
 33647 | Orc:2    | Learned a level 5 spell: Borgnjor's Vile Clutch
 33647 | Orc:2    | Bought a heavily runed leather armour for 231 gold pieces
 33657 | Orc:2    | Identified the cursed +0 leather armour of Fortification
                  | {-Tele rCorr Int+4 Dex+2} (You bought it in a shop on level
                  | 2 of the Orcish Mines)
 33908 | Spider:1 | Entered Level 1 of the Spider Nest
 33978 | Spider:1 | Noticed Asterion
 33987 | Spider:1 | Killed Asterion
 33987 | Spider:1 | Reached skill level 1 in Necromancy
 34171 | Spider:1 | Reached XP level 16. HP: 90/90 MP: 27/37
 34248 | Spider:1 | Identified the +4 dagger of the Puffball {protect, rPois}
                  | (You found it in a Gauntlet)
 34476 | Spider:1 | Reached skill level 5 in Stealth
 35042 | Orc:1    | Bought an uncursed ring of see invisible for 210 gold
                  | pieces
 36393 | Spider:2 | Reached skill level 5 in Necromancy
 36862 | Spider:2 | Noticed Donald
 36869 | Spider:2 | Killed Donald
 36869 | Spider:2 | Noticed Nikola
 37375 | Spider:2 | Killed Nikola
 37549 | Spider:2 | Offered knowledge of Bolt of Cold by Vehumet.
 37925 | Spider:2 | Noticed Arachne
 37936 | Spider:2 | Killed Arachne
 37936 | Spider:2 | Reached skill level 10 in Stealth
 38367 | Spider:3 | Noticed Aizul
 38374 | Spider:3 | Killed Aizul
 40188 | Spider:4 | Entered Level 4 of the Spider Nest
 40420 | Spider:4 | Noticed Bai Suzhen
 42948 | Spider:4 | Reached skill level 5 in Shields
 43113 | Spider:4 | Reached XP level 17. HP: 97/97 MP: 21/38
 44843 | Spider:4 | Got a gossamer rune of Zot
 45273 | Vaults:1 | Entered Level 1 of the Vaults
 45538 | D:12     | Reached skill level 16 in Spellcasting
 45547 | D:12     | Killed gruber's ghost
 45563 | D:12     | Mangled by a blizzard demon

Skill      XL: |  1  2  3  4  5  6  7  8  9 10 11 12 13 14 15 16 17 |
---------------+----------------------------------------------------+-----
Fire Magic     | 4 5 6 7 8 9 10 11 | 11.6
Conjurations   | 2 4 5 6 8 10 11 13 14 15 | 15.4
Spellcasting   | 5 6 7 8 9 11 12 13 14 15 16 | 16.0
Armour         | 2 3 4 5 6 7 11 | 11.5
Fighting       | 1 2 3 4 5 6 7 8 |  8.0
Translocations | 2 3 4 |  4.4
Earth Magic    | 1 4 5 7 8 |  8.8
Shields        | 2 3 5 7 |  7.8
Stealth        | 4 10 | 10.9
Transmutations | 5 6 |  6.3
Air Magic      | 1 |  1.4
Ice Magic      | 2 |  2.4
Polearms       | 3 4 |  4.1
Necromancy     | 2 6 |  6.0
Dodging        | |  2.4

Action                   |  1- 3 |  4- 6 |  7- 9 | 10-12 | 13-15 | 16-18 || total
-------------------------+-------+-------+-------+-------+-------+-------++-------
Melee: Short sword       |     2 |       |       |       |       |       ||     2
       Trident           |       |       |    60 |   202 |   506 |    59 ||   827
       Staff             |       |       |       |     2 |     3 |     4 ||     9
       Spear             |       |       |       |       |     2 |       ||     2
 Cast: Flame Tongue      |    66 |    95 |   328 |   274 |   160 |       ||   923
       Conjure Flame     |       |     3 |     3 |    18 |    22 |     3 ||    49
       Sticky Flame      |       |       |     7 |    25 |    57 |    43 ||   132
       Fireball          |       |       |     8 |   107 |   297 |   266 ||   678
       Magic Dart        |       |       |     1 |       |     3 |       ||     4
       Bolt of Magma     |       |       |       |     5 |    74 |    23 ||   102
       Blink             |       |       |       |     3 |     9 |    13 ||    25
       Orb of Destructio |       |       |       |       |    22 |    42 ||    64
       Lightning Bolt    |       |       |       |       |    17 |       ||    17
       Statue Form       |       |       |       |       |     4 |     3 ||     7
       Borgnjor's Vile C |       |       |       |       |       |     4 ||     4
Evoke: Wand              |       |       |       |       |    15 |     5 ||    20
  Use: Scroll            |       |       |    12 |    18 |    34 |    10 ||    74
       Potion            |       |       |       |     2 |     7 |     7 ||    16
 Stab: Sleeping          |       |       |     2 |       |       |       ||     2
       Petrified         |       |       |       |       |     7 |       ||     7
       Distracted        |       |       |       |       |     2 |     1 ||     3
  Eat: Chunk             |       |     6 |    28 |    43 |    79 |    44 ||   200
       Ration            |       |       |       |       |       |     1 ||     1
Armor: Robe              |     5 |     2 |    30 |     1 |    28 |    70 ||   136
       Troll leather arm |       |       |       |    98 |   157 |       ||   255
       Chain mail        |       |       |       |       |    34 |       ||    34
       Skin              |       |       |       |       |    26 |    15 ||    41
Dodge: Dodged            |    21 |    22 |    90 |   258 |   452 |   114 ||   957
Block: Buckler           |       |       |       |     1 |   143 |    28 ||   172
       Shield            |       |       |       |       |       |    28 ||    28
       Reflection        |       |       |       |       |       |     1 ||     1
